 Dungeon Crawl Stone Soup version 0.29-a0-925-g0a7a3d12f8 (webtiles) character file.

Game seed: 396082234786958521

584 testman the Skirmisher (level 7, 0/44 HPs)
             Began as a Deep Elf Hunter on July 28, 2022.
             Was a Follower of Ashenzari.
             Slain by a black bear (8 damage)
             ... on level 5 of the Dungeon.
             The game lasted 00:08:32 (4198 turns).

testman the Skirmisher (Deep Elf Hunter)            Turns: 4198, Time: 00:08:33

Health: 0/44       AC:  3    Str:  8    XL:     7   Next: 14%
Magic:  24/24      EV: 13    Int: 19    God:    Ashenzari [*.....]
Gold:   235        SH:  0    Dex: 23    Spells: 13/14 levels left

rFire   . . .      SeeInvis .   v - +8 dagger "Beoning Hoce" {holy, rPois Int+5 Dex+3 Stlth-}
rCold   . . .      Faith    .   (no shield)
rNeg    . . .      Spirit   .   c - +0 leather armour of the Revealing Moon {Alch, Cun} (curse)
rPois   +          Reflect  .   (no helmet)
rElec   .          Harm     .   (no cloak)
rCorr   .          Rampage  .   (no gloves)
Will    .....                   (no boots)
Stlth   +.........              t - amulet of Toth-Mos's Legacy {Acrobat, Elem, Self} (curse)
HPRegen 0.14/turn               l - ring of magical power
MPRegen 0.19/turn               (no ring)

@: no status effects
A: no striking features
a: Renounce Religion, Shatter the Chains


You were on level 5 of the Dungeon.
You worshipped Ashenzari.
Ashenzari was aware of your devotion.
You visited 1 branch of the dungeon, and saw 5 of its levels.

You collected 235 gold pieces.

Inventory:

Hand Weapons
 a - a +0 shortbow
 v - the +8 dagger "Beoning Hoce" (weapon) {holy, rPois Int+5 Dex+3 Stlth-}
   (You found it on level 4 of the Dungeon)

   It has been blessed by the Shining One to cause great damage to the undead
   and demons.
   Int:       It affects your intelligence (+5).
   Dex:       It affects your dexterity (+3).
   rPois:     It protects you from poison.
   Stlth:     It makes you less stealthy.
Armour
 c - the cursed +0 leather armour of the Revealing Moon (worn) {Alch, Cun}

   It has a curse which improves the following skills: Alchemy: Poison Magic and
   Transmutations.
   Cunning:   Dodging and Stealth.
Jewellery
 l - a ring of magical power (left hand)
 t - the cursed amulet of Toth-Mos's Legacy (around neck) {Acrobat, Elem, Self}
   (You found it on level 4 of the Dungeon)

   [amulet of the acrobat]

   It increases your evasion while moving and waiting.
   It has a curse which improves the following skills: Elements: Fire Magic, Ice
   Magic, Air Magic and Earth Magic.
   Introspection: Fighting and Spellcasting.
Scrolls
 b - 2 scrolls of immolation
 d - 3 scrolls of teleportation
 f - 2 scrolls of blinking
 h - 2 scrolls of amnesia
 i - 7 scrolls of identify
 r - 2 scrolls of butterflies
Potions
 e - a potion of curing
 g - a potion of berserk rage
 j - 2 potions of heal wounds
 k - a potion of ambrosia
 m - 2 potions of brilliance
 n - a potion of haste
 o - a potion of lignification
 p - a potion of resistance
 s - a potion of attraction


   Skills:
 + Level 4.1(4.9) Fighting
 + Level 8.3 Ranged Weapons
 + Level 2.7(3.5) Dodging
 - Level 1.2(1.8) Stealth
 + Level 3.3(4.1) Spellcasting
 - Level 2.0 Summonings


You had 13 spell levels left.
You knew the following spells:

 Your Spells              Type           Power      Damage    Failure   Level
a - Summon Small Mammal   Summ           44%        N/A       9%          1

Your spell library contained the following spells:

 Spells                   Type           Power      Damage    Failure   Level
 Beastly Appendage        Tmut           8%         N/A       19%         1
 Apportation              Tloc           6%         N/A       21%         1
 Necrotise                Necr           12%        1d4       21%         1


Dungeon Overview and Level Annotations

Branches:
Dungeon (5/15)
 Temple: D:4-7

Altars:
Ashenzari
Qazlal

Shops:
D:4 (


Message History

The black bear bites you. The black bear claws you.
The black bear barely misses you.
You shoot an arrow. The arrow barely misses the black bear.
The black bear misses you. The black bear claws you. x2
You shoot an arrow. The arrow hits the black bear.
The black bear is moderately wounded.
The black bear bites you. The black bear misses you.
The black bear closely misses you.
You shoot an arrow. The arrow hits the black bear!
The black bear is heavily wounded.
The black bear bites you. The black bear misses you.
The black bear claws you but does no damage.
You are too injured to fight recklessly!
You are too injured to fight recklessly!
You are too injured to fight recklessly!
You feel clever.
You feel agile.
The +8 dagger "Beoning Hoce" {holy, rPois Int+5 Dex+3 Stlth-} softly glows with a divine radiance!
v - the +8 dagger "Beoning Hoce" (weapon)
{holy, rPois Int+5 Dex+3 Stlth-} The black bear completely misses you.
The black bear claws you but does no damage. x2
You are too injured to fight recklessly!
You are too injured to fight recklessly!
You hit the black bear.
The black bear is severely wounded.
The black bear goes berserk!
You hit the black bear.
The black bear is almost dead.
The black bear barely misses you. The black bear misses you.
The black bear claws you but does no damage.
You closely miss the black bear.
The black bear is almost dead.
The black bear barely misses you. The black bear misses you.
The black bear claws you. The black bear bites you!
* * * LOW HITPOINT WARNING * * *
The black bear claws you but does no damage.
The black bear misses you.
You hit the black bear.
The black bear is almost dead.
The black bear bites you!
You die...

##### ####### #...#
......# #...#
##.##.# ####...####
##.##.####.........#
).....#............#
....#.#.##.........#
........###†#...@.##
......### #.#...h.#
.##.#.# #........#
......# ##.##.##.#
....### #.##.# .#
.#### #.##.. .# .#
### #


You could see a black bear (berserk).

Vanquished Creatures
  A sky beast (D:4)
  2 ogres
  A scorpion (D:5)
  A hound (D:4)
  Jessica (D:3)
  2 iguanas
  Natasha (thrice) (D:2)
  2 adders (D:2)
  An ufetubus (D:4)
  5 dart slugs
  An orc (D:4)
  7 endoplasms
  3 giant cockroaches (D:3)
  4 hobgoblins
  7 jackals
  7 kobolds
  A quokka (D:2)
  7 ball pythons
  3 bats
  2 frilled lizards (D:1)
  5 goblins
  4 rats
70 creatures vanquished.

Vanquished Creatures (others)
  3 fungi (D:4)
  A plant (D:1)
4 creatures vanquished.

Grand Total: 74 creatures vanquished

Notes
Turn   | Place    | Note
-------+----------+-------------------------------------------
     0 | D:1      | testman the Deep Elf Hunter began the quest for the Orb.
     0 | D:1      | Reached XP level 1. HP: 12/12 MP: 3/3
   156 | D:1      | Found a faded altar of an unknown god.
   162 | D:1      | Got Plato's Commentary on Changing
   269 | D:1      | Reached XP level 2. HP: 17/17 MP: 4/4
  1034 | D:2      | Reached skill level 6 in Ranged Weapons
  1125 | D:2      | Reached XP level 3. HP: 9/21 MP: 5/5
  1617 | D:2      | Noticed Natasha
  1623 | D:2      | Killed Natasha
  1624 | D:2      | Reached XP level 4. HP: 15/27 MP: 6/6
  1809 | D:2      | Noticed Natasha
  1816 | D:2      | Killed Natasha
  1829 | D:2      | Noticed Natasha
  1832 | D:2      | Killed Natasha
  1833 | D:2      | Reached skill level 7 in Ranged Weapons
  1833 | D:2      | Reached XP level 5. HP: 29/32 MP: 7/7
  1861 | D:2      | Learned a level 1 spell: Summon Small Mammal
  2797 | D:3      | Noticed Jessica
  2804 | D:3      | Killed Jessica
  3045 | D:3      | Found a broken altar of Ashenzari.
  3045 | D:3      | Found a stormy altar of Qazlal.
  3051 | D:3      | Became a worshipper of Ashenzari the Shackled
  3086 | D:4      | Noticed a sky beast
  3094 | D:4      | Killed a sky beast
  3095 | D:4      | Reached skill level 1 in Summonings
  3095 | D:4      | Reached XP level 6. HP: 30/37 MP: 11/11
  3350 | D:4      | Found Likkuo's Weapon Shoppe.
  3542 | D:4      | Identified the +8 dagger "Beoning Hoce" {holy, rPois Int+5
                  | Dex+3 Stlth-}
  3860 | D:4      | Reached * piety under Ashenzari
  3961 | D:5      | Entered Level 5 of the Dungeon
  3967 | D:5      | Reached skill level 8 in Ranged Weapons
  4167 | D:5      | Reached XP level 7. HP: 44/44 MP: 15/15
  4198 | D:5      | Slain by a black bear

Illustrated notes

Levels and vault maps discovered:
D:1:      dpeg_arrival_connections, layout_loops_ring,
          shapermc_ecumenical_altar_rom_forum, minmay_pentomino_t4
D:2:      layout_rooms, minmay_misc_feat_pillars, minmay_split_cup_small,
          uniq_natasha
D:3:      layout_basic, nicolae_overflow_two_pavilions, grunt_ministairs_14,
          uniq_jessica
D:4:      layout_basic, serial_shops, nicolae_shop_bloodbath_and_beyond,
          dreamdust_mushroom_princess
D:5:      layout_loops_cross

Skill      XL: |  1  2  3  4  5  6 |
---------------+-------------------+-----
Fighting       | 2 3 4 |  4.1
Ranged Weapons | 6 7 8 |  8.3
Spellcasting   | 2 3 |  3.3
Summonings     | 1 2 |  2.0
Dodging        | |  2.7
Stealth        | |  1.2

Action                   |  1- 3 |  4- 6 |  7- 9 || total
-------------------------+-------+-------+-------++-------
Melee: Dagger            |       |       |     4 ||     4
 Fire: Shortbow          |    94 |   103 |    15 ||   212
Invok: Curse Item        |       |     2 |       ||     2
Armor: Leather armour    |     6 |    10 |     7 ||    23
Dodge: Dodged            |    43 |    19 |    15 ||    77

Table legend: (Time is in decaauts)
 A = Elapsed time spent in this place.
 B = Non-inter-level travel time spent in this place.
 C = Inter-level travel time spent in this place.
 D = Time resting spent in this place.
 E = Time spent auto-exploring this place.
 F = Levels seen in this place.
 G = Mean time per level.
                   A        B        C        D        E       F      G
               +--------+--------+--------+--------+--------+-----+--------+
         Total |   4242 |   4166 |     76 |      0 |   3753 |   5 |  848.4 |
       Dungeon |   4242 |   4166 |     76 |      0 |   3753 |   5 |  848.4 |
               +--------+--------+--------+--------+--------+-----+--------+

Top non-repeatable levels by time:
     D:3: 1147 daAuts
     D:1: 1007 daAuts
     D:2: 954 daAuts
     D:4: 893 daAuts
     D:5: 239 daAuts
